 Dungeon Crawl Stone Soup version 0.19-a0-1886-gd64a0f0 (webtiles) character file.

66 Levianaught the Chopper (level 3, -3/51 HPs)
             Began as a Minotaur Berserker on Oct 16, 2016.
             Was a Believer of Trog.
             Slain by a gnoll
             ... wielding a +0 halberd
              (4 damage)
             ... on level 2 of the Dungeon.
             The game lasted 00:03:05 (1436 turns).

Levianaught the Chopper (Minotaur Berserker)        Turns: 1436, Time: 00:03:05

Health: -3/51      AC:  3    Str: 26    XL:     3   Next: 96%
Magic:  2/2        EV: 12    Int:  4    God:    Trog [**....]
Gold:   56         SH:  0    Dex: 10    Spells: 0 memorised, 2 levels left

rFire  . . .     SeeInvis .     a - +0 hand axe
rCold  . . .     Gourm    .     b - +0 animal skin
rNeg   . . .     Faith    .     (no shield)
rPois  .         Spirit   .     (helmet restricted)
rElec  .         Dismiss  .     (no cloak)
rCorr  .         Reflect  .     (no gloves)
MR     .....     Harm     .     l - +0 pair of boots
Stlth  ..........               (no amulet)
                                (no ring)
                                (no ring)

@: berserking, starving, very quick
A: retaliatory headbutt, horns 2
a: Berserk, Trog's Hand, Burn Spellbooks, Renounce Religion


You were on level 2 of the Dungeon.
You worshipped Trog.
Trog was pleased with you.
You were starving.

You visited 1 branch of the dungeon, and saw 2 of its levels.

You collected 56 gold pieces.

Inventory:

Hand Weapons
 a - a +0 hand axe (weapon)
Armour
 b - a +0 animal skin (worn)
 l - a +0 pair of boots (worn)
Jewellery
 o - a cursed -3 ring of dexterity {unknown}
Scrolls
 e - a scroll of identify {unknown}
 f - a scroll of noise {unknown}
 h - a scroll of recharging {unknown}
 k - a scroll of magic mapping {unknown}
 m - a scroll of blinking {unknown}
Potions
 d - 2 potions of might {unknown}
 g - a potion of ambrosia {unknown}
 i - 2 potions of curing {unknown}
 n - a potion of flight {unknown}
Comestibles
 c - 3 bread rations
 j - a beef jerky


   Skills:
 + Level 4.5 Fighting
 + Level 5.1 Axes
 - Level 2.4 Armour
 - Level 2.1 Dodging
 + Level 0.1 Stealth


You had 2 spell levels left.
You didn't know any spells.

Dungeon Overview and Level Annotations

Branches:
Dungeon (2/15)

Altars:
Elyvilon


Innate Abilities, Weirdness & Mutations

You reflexively headbutt those who attack you in melee.
You have a pair of horns on your head.


Message History

You are too injured to fight recklessly!
You are too injured to fight recklessly!
You are too injured to fight recklessly!
You are too injured to fight recklessly!
Unknown command.
You are too injured to fight recklessly!
A red film seems to cover your vision as you go berserk!
You feel yourself moving faster!
You feel mighty!
You are starving!
The gnoll hits you with a spear!
* * * LOW HITPOINT WARNING * * *
The gnoll closely misses you.
The gnoll hits you from afar with a spear.
* * * LOW HITPOINT WARNING * * *
You slash the gnoll! Your headbutt misses the gnoll.
The gnoll is almost dead.
The gnoll hits you with a spear.
* * * LOW HITPOINT WARNING * * *
The gnoll hits you from afar with a halberd.
You die...

#################
.....$..........#
...#...#...#...######### ####
.....gg@...(............ ...#
...#.g.#...#...#........ ##.#
........................ ##.#
####################...##### ##.#
#..........#)..........##...
.#.###..........#...........##...
.....'..........'...........''...
.#.###..........#...........##...
.#.# ####...#####...........##...


You could see 3 gnolls.

Vanquished Creatures
  An adder (D:2)
  A dart slug (D:1)
  A ball python (D:2)
  5 bats (D:2)
  3 giant cockroaches
  11 goblins
  10 hobgoblins
  4 frilled lizards (D:1)
  9 kobolds
  5 rats
50 creatures vanquished.

Notes
Turn   | Place    | Note
-------+----------+-------------------------------------------
     0 | D:1      | Levianaught the Minotaur Berserker began the quest for the Orb.
     0 | D:1      | Reached XP level 1. HP: 19/19 MP: 0/0
   127 | D:1      | Reached XP level 2. HP: 23/27 MP: 1/1
   228 | D:1      | Reached skill level 4 in Axes
   965 | D:2      | Reached XP level 3. HP: 28/33 MP: 2/2
   982 | D:2      | Reached ** piety under Trog
  1202 | D:2      | Found a white marble altar of Elyvilon.
  1264 | D:2      | Reached skill level 5 in Axes
  1436 | D:2      | HP: 1/51 [gnoll/spear (4)]
  1436 | D:2      | Slain by a gnoll

Vault maps used:
D:1:      minmay_arrival_wavy_path
D:2:      lemuel_round_altar, lemuel_coloured_pillars_altar, first_bread,
          minmay_close_crescents

Skill      XL: |  1  2  3 |
---------------+----------+-----
Fighting       | 4 |  4.5
Axes           | 4 5 |  5.1
Armour         | |  2.4
Dodging        | |  2.1
Stealth        | |  0.1

Action                   || total
-------------------------++-------
Melee: Hand axe          ||   100
       Headbutt          ||    15
Invok: Berserk           ||     2
  Eat: Chunk             ||     1
Armor: Animal skin       ||    24
Dodge: Dodged            ||    61
